BR (22 & UNDER)
INDIAN HILLS VOODOO @ OCEANSIDE SWAMP FOXES
08/17/2028
 
TOP OF THE 1ST
Indian Hills Voodoo batting - Pitching for Oceanside Swamp Foxes : LHP Manny Reyes
Pitching: LHP Manny Reyes
Batting: SHB Cisco Oliva 0-0: Ball
1-0: SINGLE (Flyball, 89S)
Batting: LHB José Castillo 0-0: Called Strike
0-1: Ball
1-1: Swinging Strike
1-2: SINGLE (Flyball, 8LS)
Cisco Oliva to second
Batting: LHB Dave Wilkinson 0-0: Called Strike
0-1: Swinging Strike
0-2: Fielders Choice at 2nd, 4-6 (Groundball, 4)
Cisco Oliva to third
Batting: SHB Randy Anderson 0-0: Ball
1-0: Foul Ball, location: 2F
1-1: Ball
2-1: Foul Ball, location: 2F
2-2: SINGLE (Flyball, 9S)
Cisco Oliva scores
Dave Wilkinson to second
Runner from 2nd tries for 3rd, SAFE, throw made to third
Randy Anderson to second
Batting: RHB Ben White 0-0: Swinging Strike
0-1: Ball
1-1: SINGLE (Line Drive, 6MD)
Dave Wilkinson scores
Randy Anderson to third
Batting: RHB Marvin Kidd 0-0: Foul Ball, location: 2F
0-1: Ball
1-1: Ball
2-1: Fly out, F9 (Flyball, 9D)
Runner from 3rd tags up, SCORES, no throw
Batting: RHB Greg Williams 0-0: Ball
1-0: Fly out, F9 (Flyball, 9LDF)
Top of the 1st over - 3 run(s), 4 hit(s), 0 error(s), 1 left on base; Indian Hills 3 - Oceanside 0
BOTTOM OF THE 1ST
Oceanside Swamp Foxes batting - Pitching for Indian Hills Voodoo : LHP Jared Steele
Pitching: LHP Jared Steele
Batting: LHB Bob Huerta 0-0: Called Strike
0-1: Ball
1-1: Fly out, F8 (Flyball, 8LM)
Batting: RHB Michael Reed 0-0: Fly out, F8 (Flyball, 8RS)
Batting: RHB Armando García 0-0: Ground out 1-3 (Groundball, P)
Bottom of the 1st over - 0 run(s), 0 hit(s), 0 error(s), 0 left on base; Indian Hills 3 - Oceanside 0
TOP OF THE 2ND
Indian Hills Voodoo batting - Pitching for Oceanside Swamp Foxes : LHP Manny Reyes
Batting: RHB Randall James 0-0: Ball
1-0: Called Strike
1-1: Ball
2-1: Fly out, F9 (Flyball, 9S)
Batting: RHB Dave McGuire 0-0: Called Strike
0-1: Foul Ball, location: 2F
0-2: Ball
1-2: Ball
2-2: Ground out 6-3 (Groundball, 6)
Batting: SHB Cisco Oliva 0-0: Ball
1-0: Ground out 4-3 (Groundball, 4)
Top of the 2nd over - 0 run(s), 0 hit(s), 0 error(s), 0 left on base; Indian Hills 3 - Oceanside 0
BOTTOM OF THE 2ND
Oceanside Swamp Foxes batting - Pitching for Indian Hills Voodoo : LHP Jared Steele
Batting: RHB Howard Reed 0-0: Reached on error, E6 (Groundball, 56)
Batting: RHB Carlos Sánchez 0-0: Foul Ball, location: 2F
0-1: SINGLE (Groundball, 4D)
Howard Reed to second
Runner from 2nd tries for 3rd, SAFE, throw made to third
Carlos Sánchez to second
Batting: RHB Salvador Castro 0-0: Ball
1-0: Ball
2-0: Called Strike
2-1: Foul Ball, location: 2F
2-2: SINGLE (Line Drive, 56)
Howard Reed scores
Carlos Sánchez to third
Batting: RHB Brian Brown 0-0: Ball
1-0: Swinging Strike
1-1: Called Strike
1-2: Foul Ball, location: 2F
1-2: Strikes out looking
Batting: RHB Richard Bass 0-0: Ball
1-0: Foul Ball, location: 2F
1-1: Called Strike
1-2: Foul Ball, location: 2F
1-2: Grounds into double play, 6-4-3 (Groundball, 6)
Bottom of the 2nd over - 1 run(s), 2 hit(s), 1 error(s), 1 left on base; Indian Hills 3 - Oceanside 1
TOP OF THE 3RD
Indian Hills Voodoo batting - Pitching for Oceanside Swamp Foxes : LHP Manny Reyes
Batting: LHB José Castillo 0-0: Ball
1-0: Foul Ball, location: 2F
1-1: Foul Ball, location: 2F
1-2: Foul Ball, location: 2F
1-2: Fly out, F5 (Popup, 56)
Batting: LHB Dave Wilkinson 0-0: Swinging Strike
0-1: Foul Ball, location: 2F
0-2: Strikes out looking
Batting: SHB Randy Anderson 0-0: Foul Ball, location: 2F
0-1: Foul Ball, location: 2F
0-2: SINGLE (Flyball, 8RS)
Batting: RHB Ben White 0-0: Ball
1-0: Called Strike
1-1: Ball
Randy Anderson is caught stealing 2nd base
Top of the 3rd over - 0 run(s), 1 hit(s), 0 error(s), 0 left on base; Indian Hills 3 - Oceanside 1
BOTTOM OF THE 3RD
Oceanside Swamp Foxes batting - Pitching for Indian Hills Voodoo : LHP Jared Steele
Batting: SHB Gordon Beatty 0-0: Ball
1-0: Called Strike
1-1: Foul Ball, location: 2F
1-2: Ball
2-2: Fly out, F9 (Flyball, 9LMF)
Batting: LHB Bob Huerta 0-0: Ball
1-0: Called Strike
1-1: Ground out 6-3 (Groundball, 6)
Batting: RHB Michael Reed 0-0: Foul Ball, location: 2F
0-1: Ground out 6-3 (Groundball, 6)
Bottom of the 3rd over - 0 run(s), 0 hit(s), 0 error(s), 0 left on base; Indian Hills 3 - Oceanside 1
TOP OF THE 4TH
Indian Hills Voodoo batting - Pitching for Oceanside Swamp Foxes : LHP Manny Reyes
Batting: RHB Ben White 0-0: Foul Ball, location: 2F
0-1: Swinging Strike
0-2: Ball
1-2: Strikes out swinging
Batting: RHB Marvin Kidd 0-0: Ground out 1-3 (Groundball, 15S)
Batting: RHB Greg Williams 0-0: Foul Ball, location: 2F
0-1: SINGLE (Groundball, 34S) (infield hit)
Batting: RHB Randall James 0-0: Called Strike
0-1: Ball
1-1: Swinging Strike
1-2: Ball
2-2: Foul Ball, location: 2F
2-2: Ball
3-2: Base on Balls
Greg Williams to second
Batting: RHB Dave McGuire 0-0: Ball
1-0: Called Strike
1-1: Ball
2-1: Foul Ball, location: 2F
2-2: Strikes out swinging
Top of the 4th over - 0 run(s), 1 hit(s), 0 error(s), 2 left on base; Indian Hills 3 - Oceanside 1
BOTTOM OF THE 4TH
Oceanside Swamp Foxes batting - Pitching for Indian Hills Voodoo : LHP Jared Steele
Batting: RHB Armando García 0-0: Foul Ball, location: 2F
0-1: SINGLE (Line Drive, 34S)
Batting: RHB Howard Reed 0-0: Ball
1-0: Ball
2-0: Foul Ball, location: 2F
2-1: Called Strike
2-2: SINGLE (Line Drive, 34D)
Armando García to second
Batting: RHB Carlos Sánchez 0-0: Ball
1-0: SINGLE (Groundball, 6MD)
Armando García to third
Howard Reed to second
Runner from 3rd tries for Home, SAFE, no throw
Batting: RHB Salvador Castro 0-0: Called Strike
0-1: Called Strike
0-2: Ball
Wild Pitch!
Howard Reed to third
Carlos Sánchez to second
1-2: SINGLE (Groundball, 56D)
Howard Reed scores
Carlos Sánchez to third
Runner from 3rd tries for Home, SAFE, throw made home
Salvador Castro to second
Batting: RHB Brian Brown 0-0: Called Strike
0-1: Called Strike
0-2: Ball
1-2: Ball
2-2: Ground out 5-3 (Groundball, 56S)
Salvador Castro to third
Batting: RHB Richard Bass 0-0: Ball
1-0: Foul Ball, location: 2F
1-1: Called Strike
1-2: Ball
2-2: Ball
3-2: Strikes out looking
Batting: SHB Gordon Beatty 0-0: Hit by Pitch
Batting: LHB Bob Huerta 0-0: Foul Ball, location: 2F
0-1: DOUBLE (Line Drive, 9)
Salvador Castro scores
Gordon Beatty to third
Batting: RHB Michael Reed 0-0: Foul Ball, location: 2F
0-1: Called Strike
0-2: Ground out 4-3 (Groundball, 4)
Bottom of the 4th over - 4 run(s), 5 hit(s), 0 error(s), 2 left on base; Indian Hills 3 - Oceanside 5
TOP OF THE 5TH
Indian Hills Voodoo batting - Pitching for Oceanside Swamp Foxes : LHP Manny Reyes
Batting: SHB Cisco Oliva 0-0: Called Strike
0-1: Called Strike
0-2: Strikes out swinging
Batting: LHB José Castillo 0-0: Ball
1-0: Ball
2-0: Foul Ball, location: 2F
2-1: Swinging Strike
2-2: Fly out, F7 (Flyball, 7LM)
Batting: LHB Dave Wilkinson 0-0: Ball
1-0: Called Strike
1-1: Swinging Strike
1-2: Fly out, F9 (Flyball, 9LS)
Top of the 5th over - 0 run(s), 0 hit(s), 0 error(s), 0 left on base; Indian Hills 3 - Oceanside 5
BOTTOM OF THE 5TH
Oceanside Swamp Foxes batting - Pitching for Indian Hills Voodoo : LHP Jared Steele
Batting: RHB Armando García 0-0: Foul Ball, location: 2F
0-1: Ball
1-1: Ball
2-1: Ball
3-1: Foul Ball, location: 2F
3-2: Foul Ball, location: 2F
3-2: Ground out 5-3 (Groundball, 56S)
Batting: RHB Howard Reed 0-0: Called Strike
0-1: Ball
1-1: Foul Ball, location: 2F
1-2: SINGLE (Line Drive, 4MD)
Batting: RHB Carlos Sánchez 0-0: Ball
1-0: Swinging Strike
1-1: Ball
2-1: Ball
3-1: Swinging Strike
3-2: Foul Ball, location: 2F
3-2: Foul Ball, location: 2F
3-2: Ground out 6-3 (Groundball, 4MD)
Howard Reed to second
Pitching: RHP Johannes Hunsberger
Batting: RHB Salvador Castro 0-0: Ball
1-0: Swinging Strike
1-1: Ground out 6-3 (Groundball, 6)
Bottom of the 5th over - 0 run(s), 1 hit(s), 0 error(s), 1 left on base; Indian Hills 3 - Oceanside 5
TOP OF THE 6TH
Indian Hills Voodoo batting - Pitching for Oceanside Swamp Foxes : LHP Manny Reyes
Batting: SHB Randy Anderson 0-0: Called Strike
0-1: Swinging Strike
0-2: Hit by Pitch
Pitching: RHP Gerald Fullwood
Batting: RHB Ben White 0-0: Called Strike
0-1: Ball
1-1: Called Strike
1-2: Foul Ball, location: 2F
1-2: Ball
2-2: Ball
3-2: Grounds into double play, 6-4-3 (Groundball, 6)
Batting: RHB Marvin Kidd 0-0: Fly out, F7 (Flyball, 78M)
Top of the 6th over - 0 run(s), 0 hit(s), 0 error(s), 0 left on base; Indian Hills 3 - Oceanside 5
BOTTOM OF THE 6TH
Oceanside Swamp Foxes batting - Pitching for Indian Hills Voodoo : RHP Johannes Hunsberger
Batting: RHB Brian Brown 0-0: Ball
1-0: Ball
2-0: Called Strike
2-1: Foul Ball, location: 2F
2-2: Ball
3-2: Strikes out looking
Batting: RHB Richard Bass 0-0: Ground out 1-3 (Groundball, P)
Batting: SHB Gordon Beatty 0-0: Ground out 4-3 (Groundball, 4)
Bottom of the 6th over - 0 run(s), 0 hit(s), 0 error(s), 0 left on base; Indian Hills 3 - Oceanside 5
TOP OF THE 7TH
Indian Hills Voodoo batting - Pitching for Oceanside Swamp Foxes : RHP Gerald Fullwood
Batting: RHB Greg Williams 0-0: Swinging Strike
0-1: Foul Ball, location: 2F
0-2: Strikes out looking
Batting: RHB Randall James 0-0: Ball
1-0: Ground out 6-3 (Groundball, 6)
Batting: RHB Dave McGuire 0-0: Called Strike
0-1: Ball
1-1: Called Strike
1-2: Ball
2-2: Strikes out swinging
Top of the 7th over - 0 run(s), 0 hit(s), 0 error(s), 0 left on base; Indian Hills 3 - Oceanside 5
BOTTOM OF THE 7TH
Oceanside Swamp Foxes batting - Pitching for Indian Hills Voodoo : RHP Johannes Hunsberger
Batting: LHB Bob Huerta 0-0: Fly out, F8 (Flyball, 8LM)
Batting: RHB Michael Reed 0-0: Ground out 4-3 (Groundball, 4)
Batting: RHB Armando García 0-0: Ball
1-0: Ball
2-0: Called Strike
2-1: Ground out 6-3 (Groundball, 56)
Bottom of the 7th over - 0 run(s), 0 hit(s), 0 error(s), 0 left on base; Indian Hills 3 - Oceanside 5
TOP OF THE 8TH
Indian Hills Voodoo batting - Pitching for Oceanside Swamp Foxes : RHP Gerald Fullwood
Batting: SHB Cisco Oliva 0-0: SINGLE (Line Drive, 6MD)
Pitching: RHP Carlos Martínez
Batting: LHB José Castillo 0-0: Foul Ball, location: 2F
0-1: Fielders Choice at 2nd, 4-6 (Groundball, 4)
Pitching: LHP César Pérez
Batting: LHB Dave Wilkinson 0-0: Ball
1-0: Ball
2-0: Ball
3-0: Base on Balls
José Castillo to second
Batting: SHB Randy Anderson 0-0: Swinging Strike
0-1: 3-RUN HOME RUN (Line Drive, 7D), Distance : 399 ft
Batting: RHB Ben White 0-0: Swinging Strike
0-1: Swinging Strike
0-2: Ball
1-2: Foul Ball, location: 2F
1-2: Strikes out swinging
Batting: RHB Marvin Kidd 0-0: Called Strike
0-1: Foul Ball, location: 2F
0-2: Ball
1-2: DOUBLE (Flyball, 78D)
Batting: RHB Greg Williams 0-0: Ball
1-0: Foul Ball, location: 2F
1-1: Hit by Pitch
Batting: RHB Randall James 0-0: Foul Ball, location: 2F
0-1: Ball
1-1: Swinging Strike
1-2: Ball
2-2: Ball
3-2: Strikes out swinging
Top of the 8th over - 3 run(s), 3 hit(s), 0 error(s), 2 left on base; Indian Hills 6 - Oceanside 5
BOTTOM OF THE 8TH
Oceanside Swamp Foxes batting - Pitching for Indian Hills Voodoo : RHP Johannes Hunsberger
Pitching: RHP Mark Phillips
Batting: RHB Howard Reed 0-0: Ball
1-0: Foul Ball, location: 2F
1-1: Swinging Strike
1-2: Strikes out swinging
Batting: RHB Carlos Sánchez 0-0: Fly out, F8 (Flyball, 78XD)
Batting: RHB Salvador Castro 0-0: Ball
1-0: Foul Ball, location: 2F
1-1: Swinging Strike
1-2: Hit by Pitch
Batting: RHB Brian Brown 0-0: Ball
1-0: Called Strike
1-1: Ball
2-1: Ball
3-1: Foul Ball, location: 2F
3-2: Foul Ball, location: 2F
3-2: Ground out 5-3 (Groundball, 56)
Bottom of the 8th over - 0 run(s), 0 hit(s), 0 error(s), 1 left on base; Indian Hills 6 - Oceanside 5
TOP OF THE 9TH
Indian Hills Voodoo batting - Pitching for Oceanside Swamp Foxes : LHP César Pérez
Pitching: RHP Wilson Díaz
Batting: RHB Dave McGuire 0-0: SINGLE (Groundball, 6D)
Pitching: RHP Ramón Martínez
Batting: SHB Cisco Oliva 0-0: Bunted foul
0-1: Bunted foul
0-2: Ground out U3 (Groundball, 34S)
Dave McGuire to second
Pinch Hitting: LHB Jorge Garza 0-0: Intentional Walk
Batting: LHB Dave Wilkinson 0-0: Called Strike
0-1: Called Strike
0-2: Strikes out swinging
Batting: SHB Randy Anderson 0-0: Ball
1-0: Called Strike
1-1: SINGLE (Groundball, 34D)
Dave McGuire to third
Jorge Garza to second
Runner from 3rd tries for Home, SAFE, throw made home
Jorge Garza to third
Randy Anderson to second
Batting: RHB Ben White 0-0: Intentional Walk
Batting: RHB Marvin Kidd 0-0: Ball
1-0: Called Strike
1-1: Swinging Strike
1-2: Foul Ball, location: 2F
1-2: Ball
2-2: Ball
3-2: Ground out 6-3 (Groundball, 6)
Top of the 9th over - 1 run(s), 2 hit(s), 0 error(s), 3 left on base; Indian Hills 7 - Oceanside 5
BOTTOM OF THE 9TH
Oceanside Swamp Foxes batting - Pitching for Indian Hills Voodoo : RHP Mark Phillips
Pitching: RHP Gabriel Durán
Now in RF: Jorge Garza
Batting: RHB Richard Bass 0-0: Ball
1-0: Called Strike
1-1: Ball
2-1: Ball
3-1: Fly out, F9 (Flyball, 9LMF)
Batting: SHB Gordon Beatty 0-0: Ball
1-0: Ball
2-0: Ball
3-0: Called Strike
3-1: Called Strike
3-2: Foul Ball, location: 2F
3-2: SINGLE (Line Drive, 8RS)
Batting: LHB Bob Huerta 0-0: Called Strike
0-1: DOUBLE (Line Drive, 7LS)
Gordon Beatty to third
Batting: RHB Michael Reed 0-0: Called Strike
0-1: Ground out 6-3 (Groundball, 6S)
Gordon Beatty scores
Bob Huerta to third
Batting: RHB Armando García 0-0: Called Strike
0-1: Swinging Strike
0-2: Strikes out swinging
Bottom of the 9th over - 1 run(s), 2 hit(s), 0 error(s), 1 left on base; Indian Hills 7 - Oceanside 6
Tuesday, August 8th, 2017 - OOTP Baseball 17.12 Build 75